 Dungeon Crawl Stone Soup version 0.26-a0-683-g5206c1d7ac (webtiles) character file.

Game seed: 13890004108970046417

81 DogServant the Slasher (level 4, -2/35 HPs)
             Began as a Demonspawn Gladiator on Oct 22, 2020.
             Killed from afar by an orc wizard (8 damage)
             ... with a magic dart
             ... on level 2 of the Dungeon.
             The game lasted 00:01:55 (1256 turns).

DogServant the Slasher (Demonspawn Gladiator)       Turns: 1256, Time: 00:01:56

Health: -2/35      AC:  4    Str: 15    XL:     4   Next: 19%
Magic:  4/4        EV: 13    Int:  9    God:
Gold:   58         SH:  0    Dex: 15    Spells: 3/3 levels left

rFire    . . .     SeeInvis +   a - +0 long sword
rCold    . . .     Faith    .   (no shield)
rNeg     . . .     Spirit   .   b - +0 leather armour
rPois    .         Reflect  .   k - +1 hat
rElec    .         Harm     .   (no cloak)
rCorr    .         Rampage  .   (no gloves)
MR       .....                  (no boots)
Stlth    ++........             (no amulet)
HPRegen  0.11/turn              e - ring of stealth
MPRegen  0.09/turn              i - ring of see invisible

@: no status effects
A: talons 1
a: no special abilities


You were on level 2 of the Dungeon.
You visited 1 branch of the dungeon, and saw 2 of its levels.

You collected 58 gold pieces.

Inventory:

Hand Weapons
 a - a +0 long sword (weapon)
Missiles
 d - 2 throwing nets (quivered)
Armour
 b - a +0 leather armour (worn)
 c - a +0 helmet
 k - a +1 hat (worn)
Jewellery
 e - a ring of stealth (left hand)
 i - a ring of see invisible (right hand)
Scrolls
 g - a scroll of identify
Potions
 j - 3 potions of lignification


   Skills:
 - Level 3.0 Fighting
 + Level 3.7 Long Blades
 - Level 1.7 Throwing
 + Level 3.2 Dodging


You had 3 spell levels left.
You didn't know any spells.
Your spell library was empty.

Dungeon Overview and Level Annotations

Branches:
Dungeon (2/15)

Altars:


Innate Abilities, Weirdness & Mutations

You have sharp toenails.


Message History

* * * LOW HITPOINT WARNING * * *
You miss the orc wizard.
The orc wizard is lightly wounded.
The goblin shouts!
The orc wizard hits you with a +0 dagger.
* * * LOW HITPOINT WARNING * * *
Unknown command.
Okay, then.
Okay, then.
Throwing (i - inventory)
d - 3 throwing nets (quivered)
Press: ? - help, Shift-Dir - straight line, f - orc wizard
Aim: an orc wizard, wielding a +0 dagger and wearing a +0 robe (lightly wounded)
You throw a throwing net.
The throwing net closely misses the orc wizard.
The throwing net barely misses the orc wizard.
The throwing net barely misses the orc.
The throwing net hits the goblin.
The goblin is caught in the net!
The goblin struggles against the net.
The orc wizard casts a spell at you. The magic dart hits you!
You die...

+†.......#.##.#
##..
#..).....#..#.# ##.
#........#....# ##
#........#....# ###
#........#....# ..
#........'.#.## ##
### #........#.#.#
##.
.....##########.#.#
# #..
rw...g..ooo@.(..#.#
###.##..
o..####.#########..
......># ...# ##
#..... ##### ######
# # # ### # ##.## #


You could see 2 orc wizards, an orc and a goblin (caught).

Vanquished Creatures
  3 adders (D:2)
  A worm (D:2)
  A dart slug (D:2)
  3 leopard geckos (D:1)
  An orc (D:2)
  3 giant cockroaches
  3 goblins
  6 hobgoblins
  3 jackals (D:2)
  6 kobolds (D:1)
  4 bats
  10 rats
44 creatures vanquished.

Notes
Turn   | Place    | Note
-------+----------+-------------------------------------------
     0 | D:1      | DogServant the Demonspawn Gladiator began the quest for the
                  | Orb.
     0 | D:1      | Reached XP level 1. HP: 16/16 MP: 1/1
    92 | D:1      | Gained mutation: You have sharp toenails. [demonic
                  | ancestry]
    92 | D:1      | Reached XP level 2. HP: 23/23 MP: 2/2
   669 | D:1      | Reached XP level 3. HP: 27/28 MP: 3/3
  1235 | D:2      | Reached XP level 4. HP: 16/35 MP: 4/4
  1256 | D:2      | Killed from afar by an orc wizard

Illustrated notes

Levels and vault maps discovered:
D:1:      enne_arrival_octagon_isle, layout_basic
D:2:      layout_loops_corners, minivault_25

Skill      XL: |  1  2  3 |
---------------+----------+-----
Long Blades    | 3 |  3.7
Fighting       | 3 |  3.0
Dodging        | 3 |  3.2
Throwing       | |  1.7

Action                   |  1- 3 |  4- 6 || total
-------------------------+-------+-------++-------
Melee: Long sword        |    77 |    17 ||    94
       Kick              |    15 |     1 ||    16
Throw: Throwing net      |       |     1 ||     1
  Use: Scroll            |     4 |       ||     4
       Potion            |     1 |     1 ||     2
 Stab: Sleeping          |     3 |       ||     3
Armor: Leather armour    |    23 |     1 ||    24
Dodge: Dodged            |    44 |    15 ||    59
       Rpst.: Long sword |    15 |     3 ||    18

Table legend: (Time is in decaauts)
 A = Elapsed time spent in this place.
 B = Non-inter-level travel time spent in this place.
 C = Inter-level travel time spent in this place.
 D = Time resting spent in this place.
 E = Time spent auto-exploring this place.
 F = Levels seen in this place.
 G = Mean time per level.
                   A        B        C        D        E       F      G
               +--------+--------+--------+--------+--------+-----+--------+
         Total |   1277 |   1229 |     48 |      0 |    967 |   2 |  638.5 |
       Dungeon |   1277 |   1229 |     48 |      0 |    967 |   2 |  638.5 |
               +--------+--------+--------+--------+--------+-----+--------+

Top non-repeatable levels by time:
     D:1: 728 daAuts
     D:2: 548 daAuts
